 Dungeon Crawl Stone Soup version 0.20-a0-1116-gaa52201 (webtiles) character file.

7348 esteth the Severer (level 10, -1/94 HPs)
             Began as a Minotaur Fighter on May 7, 2017.
             Was a High Priest of Okawaru.
             Slain by a five-headed hydra (13 damage)
             ... on level 2 of the Lair of Beasts.
             The game lasted 00:21:17 (8578 turns).

esteth the Severer (Minotaur Fighter)               Turns: 8578, Time: 00:21:18

Health: -1/94      AC:  8    Str: 21    XL:     10   Next: 91%
Magic:  8/10       EV: 18    Int:  8    God:    Okawaru [*****.]
Gold:   581        SH: 14    Dex: 17    Spells: 9/9 levels left

rFire    . . .     SeeInvis .   M - +0 trident
rCold    . . .     Gourm    .   c - +2 shield
rNeg     . . .     Faith    .   P - +2 ring mail "Irhat" {*Drain Regen+ Int+3}
rPois    .         Spirit   .   (helmet unavailable)
rElec    .         Reflect  .   (no cloak)
rCorr    .         Harm     .   (no gloves)
MR       .....                  (no boots)
Stlth    ++........             I - amulet of regeneration
Regen    1.1/turn               s - +5 ring of evasion
MPRegen  0.2/turn               G - +2 ring of dexterity

@: heroism
A: retaliatory headbutt, horns 3, agile 1, MP-powered wands
a: Heroism, Finesse, Renounce Religion


You were on level 2 of the Lair of Beasts.
You worshipped Okawaru.
Okawaru was extremely pleased with you.
You were not hungry.

You visited 2 branches of the dungeon, and saw 12 of its levels.
You also visited: Ossuary.

You collected 581 gold pieces.

Inventory:

Hand Weapons
 a - a +4 war axe
 D - a +0 halberd of protection
 M - a +0 trident (weapon)
 S - the +1 hunting sling "Eviscerator" {velocity, Dex+7 Stlth+}
   (Okawaru gifted it to you on level 9 of the Dungeon)

   Any stone fired from it inflicts extra damage.
   It affects your dexterity (+7).
   It makes you more stealthy.
Missiles
 T - 41 stones (quivered)
Armour
 b - a +1 scale mail
 c - a +2 shield (worn)
 g - a +2 ring mail of fire resistance
 P - the +2 ring mail "Irhat" (worn) {*Drain Regen+ Int+3}
   (You found it on level 8 of the Dungeon)

   It affects your intelligence (+3).
   It increases your rate of regeneration.
   It causes draining when unequipped.
Jewellery
 s - a +5 ring of evasion (left hand)
 G - a +2 ring of dexterity (right hand)
 I - an amulet of regeneration (around neck)
 J - an uncursed ring of magical power
Wands
 h - a wand of lightning (13/15)
 o - a wand of flame (15/48)
 y - a wand of iceblast (5/15)
 A - a wand of polymorph (17/24)
 N - a wand of lightning (6/15)
Scrolls
 i - a scroll of magic mapping
 j - 3 scrolls of identify
 k - 2 scrolls of recharging
 l - 3 scrolls of blinking
 n - a scroll of fog
 p - a scroll of torment {unknown}
 u - 2 scrolls of teleportation
 B - 3 scrolls of remove curse
Potions
 d - a potion of ambrosia {unknown}
 e - a potion of invisibility {unknown}
 m - 3 potions of agility {unknown}
 t - a potion of lignification
 x - 3 potions of resistance
 E - a potion of mutation
 F - a potion of magic {unknown}
 L - a potion of berserk rage {unknown}
 O - a potion of brilliance {unknown}
Books
 q - a book of Minor Magic

   Spells                             Type                      Level
   a - Magic Dart                     Conjuration                  1
   b - Blink                          Translocation                2
   c - Call Imp                       Summoning                    2
   d - Slow                           Hexes                        2
   e - Conjure Flame                  Conjuration/Fire             3
   f - Mephitic Cloud                 Conjuration/Poison/Air       3
 v - a book of Maledictions

   Spells                             Type                      Level
   a - Corona                         Hexes                        1
   b - Ensorcelled Hibernation        Hexes/Ice                    2
   c - Confuse                        Hexes                        3
   d - Tukima's Dance                 Hexes                        3
   e - Dazzling Spray                 Conjuration/Hexes            3
 Q - a book of Party Tricks

   Spells                             Type                      Level
   a - Summon Butterflies             Summoning                    1
   b - Apportation                    Translocation                1
   c - Lesser Beckoning               Translocation                3
   d - Tukima's Dance                 Hexes                        3
   e - Alistair's Intoxication        Transmutation/Poison         5
   f - Invisibility                   Hexes                        6
Comestibles
 f - 7 bread rations
 r - 5 royal jellies
 z - 5 fruits
 K - 5 meat rations


   Skills:
 - Level 10.3(15.3) Fighting
 - Level 16.2(21.2) Axes
 - Level 3.6(8.6) Armour
 + Level 0.0(5.0) Dodging
 - Level 3.6(8.6) Shields
 - Level 2.4 Invocations


You had 9 spell levels left.
You didn't know any spells.

Dungeon Overview and Level Annotations

Branches:
Dungeon (10/15)            Temple (0/1) D:6            Lair (2/6) D:8
    Orc (0/2) D:10
  Swamp: Lair:2-4    Shoals: Lair:2-4     Snake: Lair:2-4    Spider: Lair:2-4

Altars:
Dithmenos
Hepliaklqana
Kikubaaqudgha
Makhleb
Okawaru
Ru
Trog
Uskayaw
The Shining One
Beogh

Shops:
D:5 }

Annotations:
Lair:1 1 exclusion


Innate Abilities, Weirdness & Mutations

You reflexively headbutt those who attack you in melee.
You have a pair of large horns on your head.
You are agile. (Dex +2)
You expend magic power (3 MP) to strengthen your wands.


Message History

The five-headed hydra closely misses you.
The five-headed hydra bites you.
You block the five-headed hydra's attack.
The five-headed hydra bites you but does no damage.
You barely miss the five-headed hydra.
You headbutt the five-headed hydra, but do no damage.
The five-headed hydra is severely wounded.
You block the five-headed hydra's attack.
The five-headed hydra bites you! x2
You block the five-headed hydra's attack.
The five-headed hydra bites you!
* * * LOW HITPOINT WARNING * * *
You hit the five-headed hydra but do no damage.
The five-headed hydra is severely wounded.
You puncture the five-headed hydra! You headbutt the five-headed hydra.
The five-headed hydra is almost dead.
The five-headed hydra bites you!
* * * LOW HITPOINT WARNING * * *
The five-headed hydra bites you!
You die...

#.#..###.#..###..###.####.
..........................
..........................
..................>.......
#...P#+...P......###.#..
#...P..#...#.....##P..).
..#$........#.............
......#.....##............
.P#.....D@..#.........#.##
#....#....##.....#.#....
#...#.#P.###............
......###..# .............
...... ..... .... .....
....... .... .....
>...>... .... ..<.
......... .... ....


You could see a five-headed hydra.

Vanquished Creatures
  A two-headed ogre (D:8)
  Pikel (D:7)
  The ghost of oki the Insei, a novice OpTm (D:6)
  A spriggan (D:7)
  Sigmund (D:4)
  6 yaks (D:7)
  A basilisk (Lair:1)
  A hungry ghost (D:8)
  Menkaure (D:5)
  A water moccasin (Lair:1)
  3 orc warriors
  A slave (D:7)
  3 ice beasts
  4 black bears
  An ogre (D:8)
  The ghost of Apogee the Skirmisher, an amateur HuWn (D:3)
  3 centaurs
  Blork the orc (D:6)
  2 elf zombies (Ossuary)
  9 bullfrogs
  2 wyvern zombies (D:8)
  5 scorpions
  3 wights (D:9)
  4 electric eels (D:10)
  4 howler monkeys
  2 crimson imps
  A centaur zombie (D:7)
  3 jellies
  8 orc priests
  3 hounds
  15 orc wizards
  3 bullfrog skeletons
  2 iguanas (D:8)
  Natasha (D:3)
  5 worker ants
  A big kobold zombie (Ossuary)
  4 hound skeletons
  3 mummies
  4 adders
  2 shadow imps
  An ooze (D:3)
  3 adder zombies
  2 adder skeletons
  2 worms
  2 dart slugs
  7 leopard geckos
  51 orcs
  4 bats
  5 giant cockroaches
  7 hobgoblins
  11 jackals
  3 quokkas
  A ball python (D:3)
  7 frilled lizards
  5 goblins
  8 hobgoblin zombies (Ossuary)
  3 jackal zombies (Ossuary)
  3 kobolds
  13 kobold zombies (Ossuary)
  8 orc zombies (Ossuary)
  A quokka skeleton (D:9)
  6 rats
  A bush (Lair:1)
272 creatures vanquished.

Vanquished Creatures (others)
  A slave (D:7)
  A crimson imp (D:7)
2 creatures vanquished.

Grand Total: 274 creatures vanquished

Notes
Turn   | Place    | Note
-------+----------+-------------------------------------------
     0 | D:1      | esteth the Minotaur Fighter began the quest for the Orb.
     0 | D:1      | Reached XP level 1. HP: 19/19 MP: 0/0
    19 | D:1      | Reached skill level 3 in Axes
    65 | D:1      | Reached XP level 2. HP: 18/26 MP: 1/1
   276 | D:1      | Reached skill level 4 in Axes
   643 | D:1      | Reached XP level 3. HP: 30/31 MP: 2/2
  1462 | D:3      | Reached skill level 5 in Axes
  1476 | D:3      | Reached XP level 4. HP: 37/39 MP: 3/3
  1481 | D:3      | Noticed Apogee's ghost (amateur HuWn)
  1505 | D:3      | Killed Apogee's ghost
  1505 | D:3      | Reached skill level 6 in Axes
  1505 | D:3      | Reached XP level 5. HP: 44/45 MP: 4/4
  1660 | D:3      | Found a glowing golden altar of the Shining One.
  1699 | D:3      | Noticed Natasha
  1737 | D:3      | Killed Natasha
  1737 | D:3      | Reached skill level 7 in Axes
  2248 | D:4      | Reached XP level 6. HP: 44/51 MP: 5/5
  2395 | D:4      | Noticed Sigmund
  2408 | D:4      | Killed Sigmund
  2408 | D:4      | Reached skill level 8 in Axes
  2429 | D:4      | Reached skill level 9 in Axes
  2506 | D:4      | Reached XP level 7. HP: 57/57 MP: 6/6
  2543 | D:4      | Found an iron altar of Okawaru.
  2719 | D:4      | Became a worshipper of Warmaster Okawaru
  2803 | D:4      | Reached skill level 10 in Axes
  3174 | D:5      | Entered Level 5 of the Dungeon
  3203 | D:5      | Found a sand-covered staircase.
  3211 | Ossuary  | Entered an ossuary
  3333 | Ossuary  | Reached skill level 11 in Axes
  3345 | Ossuary  | Reached XP level 8. HP: 45/64 MP: 7/7
  3349 | Ossuary  | Reached * piety under Okawaru
  3546 | D:5      | Noticed Menkaure
  3554 | D:5      | Killed Menkaure
  3852 | D:5      | Reached skill level 12 in Axes
  4017 | D:5      | Found Saeth's Gadget Emporium.
  4302 | D:6      | Found a staircase to the Ecumenical Temple.
  4458 | D:6      | Noticed oki's ghost (novice OpTm)
  4460 | D:6      | Reached skill level 13 in Axes
  4464 | D:6      | Noticed Blork the orc
  4470 | D:6      | Killed oki's ghost
  4470 | D:6      | Reached ** piety under Okawaru
  4471 | D:6      | Reached XP level 9. HP: 70/70 MP: 8/8
  4491 | D:6      | Killed Blork the orc
  4650 | D:6      | Reached skill level 14 in Axes
  4655 | D:6      | Found a sacrificial altar of Ru.
  5041 | D:7      | Noticed Pikel
  5045 | D:7      | Gained mutation: You are agile. (Dex +2) [potion of mutation]
  5045 | D:7      | Gained mutation: You expend magic power (3 MP) to strengthen your wands. [potion of mutation]
  5045 | D:7      | Gained mutation: You have a pair of large horns on your head. [potion of mutation]
  5069 | D:7      | Killed Pikel
  5072 | D:7      | Reached skill level 15 in Axes
  5130 | D:7      | Reached *** piety under Okawaru
  5150 | D:7      | Found a bloodstained altar of Trog.
  5216 | D:7      | Reached skill level 16 in Axes
  5217 | D:7      | Reached **** piety under Okawaru
  5218 | D:7      | Reached XP level 10. HP: 49/77 MP: 9/9
  5706 | D:8      | Found a hide-covered altar of Uskayaw.
  5733 | D:8      | Reached skill level 5 in Fighting
  5881 | D:8      | Noticed a two-headed ogre
  6064 | D:8      | Killed a two-headed ogre
  6064 | D:8      | Reached ***** piety under Okawaru
  6152 | D:8      | Found a staircase to the Lair.
  6384 | D:8      | Got a spiked ring mail
  6395 | D:8      | Identified the +2 ring mail "Irhat" {*Drain Regen+ Int+3} (You found it on level 8 of the Dungeon)
  6490 | D:8      | Found an ancient bone altar of Kikubaaqudgha.
  6495 | D:8      | Found a hazy altar of Hepliaklqana.
  6717 | D:9      | Found a burning altar of Makhleb.
  6882 | D:9      | Found a shadowy altar of Dithmenos.
  6940 | D:9      | Received a gift from Okawaru
  6956 | D:9      | Got an encrusted hunting sling {god gift}
  6958 | D:9      | Identified the +1 hunting sling "Eviscerator" {velocity, Dex+7 Stlth+} (Okawaru gifted it to you on level 9 of the Dungeon)
  7310 | D:10     | Entered Level 10 of the Dungeon
  7446 | D:10     | Found a staircase to the Orcish Mines.
  7465 | D:10     | Reached skill level 10 in Fighting
  7468 | D:10     | Found a roughly hewn altar of Beogh.
  7907 | D:10     | Reached skill level 1 in Invocations
  7960 | D:10     | Noticed a death knight
  8148 | Lair:1   | Entered Level 1 of the Lair of Beasts
  8225 | Lair:1   | Noticed a five-headed hydra
  8413 | Lair:1   | Noticed a five-headed hydra
  8562 | Lair:2   | Noticed a five-headed hydra
  8578 | Lair:2   | Slain by a five-headed hydra

Vault maps used:
D:1:      dpeg_arrival_pond, serial_bayou_pond_d, st_stairs_14
D:3:      nicolae_tso_swordbearing_angel, uniq_natasha
D:4:      kennysheep_okawaru_gauntlet, first_bread, uniq_sigmund
D:5:      gup_ossuary_entry_pyramid, serial_shops, shop_fountains, uniq_menkaure
D:6:      kennysheep_mini_moat, minmay_temple_entry_glass,
          kennysheep_generic_room_13, uniq_blork_the_orc
D:7:      trog_ov_bears_minmay, the_bakery, roderic_filled_cross, uniq_pikel
D:8:      kennysheep_little_box, minitemple, lair_entry_dummy, serial_glass,
          glass_columns_a, glass_columns_c
D:9:      lemuel_doored_altar, grunt_dithmenos_smoke
D:10:     minmay_orc_entry_temple_small, kennysheep_boxes
Lair:1:   basic_altar, minmay_hedge_maze
Lair:2:   nicolae_volcano_entry_batcave, beast_lair_carwin_1
Ossuary:  ossuary_tomb_1

Skill      XL: |  1  2  3  4  5  6  7  8  9 10 |
---------------+-------------------------------+-----
Axes           | 3 4 5 6 7 9 11 13 16 | 16.2
Fighting       | 10 | 10.3
Invocations    | 2 |  2.4
Armour         | |  3.6
Shields        | |  3.6

Action                   |  1- 3 |  4- 6 |  7- 9 | 10-12 || total
-------------------------+-------+-------+-------+-------++-------
Melee: War axe           |   109 |    93 |   302 |   233 ||   737
       Headbutt          |    19 |    16 |    71 |    58 ||   164
       Unarmed           |       |     7 |       |       ||     7
       Trident           |       |       |       |     8 ||     8
 Fire: Hunting sling     |       |       |       |    17 ||    17
Invok: Heroism           |       |       |       |     2 ||     2
  Use: Scroll            |     1 |     1 |     3 |    19 ||    24
       Potion            |       |     3 |     8 |     4 ||    15
  Eat: Chunk             |     2 |     3 |     5 |    12 ||    22
       Bread ration      |       |       |     1 |     1 ||     2
Armor: Scale mail        |     6 |       |       |       ||     6
       Ring mail         |    36 |    29 |    49 |    34 ||   148
       Skin              |       |       |       |    12 ||    12
Dodge: Dodged            |    34 |    46 |    98 |    82 ||   260
Block: Shield            |    53 |    46 |   126 |    84 ||   309
